 Dungeon Crawl Stone Soup version 0.23.2-30-g0e89c35 (webtiles) character file.

Game seed: 14436827775201601733

459 Bloodrosh the Skirmisher (level 7, 0/68 HPs)
             Began as a Naga Fighter on June 12, 2019.
             Was a Follower of Okawaru.
             Slain by an ogre
             ... wielding a +0 giant club
              (24 damage)
             ... on level 4 of the Dungeon.
             The game lasted 00:13:58 (4045 turns).

Bloodrosh the Skirmisher (Naga Fighter)             Turns: 4045, Time: 00:13:59

Health: 0/68       AC:  9    Str: 20    XL:     7   Next: 6%
Magic:  7/7        EV:  3    Int:  8    God:    Okawaru [*.....]
Gold:   249        SH:  8    Dex: 11    Spells: 6/6 levels left

rFire    . . .     SeeInvis +   a - +0 war axe
rCold    . . .     Gourm    .   c - +0 shield
rNeg     . . .     Faith    .   p - +0 chain mail
rPois    +         Spirit   .   n - +1 helmet
rElec    .         Reflect  .   (no cloak)
rCorr    .         Harm     .   (no gloves)
MR       +....                  (no barding)
Stlth    ..........             (no amulet)
HPRegen  0.21/turn              t - ring of protection from magic
MPRegen  0.10/turn              (no ring)

@: very slow
A: large, see invisible, deformed body, poison resistance, slowness 2, slow
metabolism 1, spit poison 1, AC +2
a: Spit Poison, Heroism, Renounce Religion


You were on level 4 of the Dungeon.
You worshipped Okawaru.
Okawaru was aware of your devotion.
You were hungry.

You visited 1 branch of the dungeon, and saw 4 of its levels.

You collected 249 gold pieces.

Inventory:

Hand Weapons
 a - a +0 war axe (weapon)
 y - a +1 hand axe of draining
Missiles
 v - 19 arrows
Armour
 b - a +0 scale mail
 c - a +0 shield (worn)
 n - a +1 helmet (worn)
 p - a +0 chain mail (worn)
Jewellery
 t - a ring of protection from magic (left hand)
Scrolls
 e - 5 scrolls of remove curse {unknown}
 g - 3 scrolls of teleportation {unknown}
 h - a scroll of immolation {unknown}
 i - a scroll of fog {unknown}
 k - a scroll of random uselessness {unknown}
 m - a scroll of amnesia {unknown}
 o - 7 scrolls of identify {unknown}
 s - a scroll of enchant armour {unknown}
 u - a scroll of blinking {unknown}
 w - a scroll of enchant weapon {unknown}
 z - a scroll of noise {unknown}
Potions
 d - a potion of might
 j - 4 potions of curing {unknown}
 l - a potion of lignification {unknown}
 q - 6 potions of heal wounds {unknown}
 r - a potion of invisibility
 x - a potion of magic {unknown}
 A - a potion of agility {unknown}
Comestibles
 f - 4 rations


   Skills:
 * Level 5.9 Fighting
 + Level 3.9 Axes
 + Level 3.7 Armour
 - Level 2.4 Shields


You had 6 spell levels left.
You didn't know any spells.
Your spell library was empty.

Dungeon Overview and Level Annotations

Branches:
Dungeon (4/15)
 Temple: D:4-7

Altars:
Kikubaaqudgha
Okawaru
Sif Muna
Wu Jian


Innate Abilities, Weirdness & Mutations

You cannot wear boots.
Your serpentine skin is tough. (AC +2)
You have supernaturally acute eyesight. (SInv)
Armour fits poorly on your strangely shaped body.
Your system is resistant to poisons. (rPois)
You cover ground very slowly.
You have a slow metabolism.
You can spit poison.


Message History

You block the ogre's attack.
You slash the ogre!
The ogre is severely wounded.
The ogre hits you with a +0 giant club!!
Your shield and chain mail prevent you from hitting the ogre.
The ogre is severely wounded.
You block the ogre's attack.
You barely miss the ogre.
The ogre is severely wounded.
You block the ogre's attack.
You barely miss the ogre.
The ogre is severely wounded.
You block the ogre's attack.
You barely miss the ogre.
The ogre is severely wounded.
The ogre hits you but does no damage.
You hit the ogre.
The ogre is severely wounded.
The ogre hits you with a +0 giant club!!
You die...

#.# #.#
#.##########
#>##.......#
#.##.#####.#
#.##.# #.#
#....# #.# #
######
#.##.#
#.@O.#
######


You could see an ogre.

Vanquished Creatures
  An ice beast (D:4)
  A bullfrog (D:4)
  A hound (D:4)
  3 orc wizards (D:4)
  An iguana (D:4)
  A worker ant (D:4)
  4 adders
  An ooze (D:3)
  2 worms
  2 dart slugs
  4 leopard geckos
  4 orcs (D:4)
  2 ball pythons
  3 giant cockroaches
  11 goblins
  6 hobgoblins
  8 jackals
  5 quokkas
  13 bats
  3 frilled lizards
  2 jackal skeletons (D:4)
  10 kobolds
  A quokka skeleton (D:3)
  10 rats
99 creatures vanquished.

Notes
Turn   | Place    | Note
-------+----------+-------------------------------------------
     0 | D:1      | Bloodrosh the Naga Fighter began the quest for the Orb.
     0 | D:1      | Reached XP level 1. HP: 21/21 MP: 1/1
   454 | D:1      | Reached XP level 2. HP: 28/28 MP: 2/2
  1156 | D:1      | Reached XP level 3. HP: 34/34 MP: 3/3
  1824 | D:2      | Reached skill level 4 in Fighting
  1824 | D:2      | Reached XP level 4. HP: 40/44 MP: 4/4
  1828 | D:2      | Found an iron altar of Okawaru.
  1841 | D:2      | Became a worshipper of Warmaster Okawaru
  2790 | D:3      | Reached XP level 5. HP: 43/51 MP: 5/5
  3208 | D:4      | Found a deep blue altar of Sif Muna.
  3476 | D:4      | Found an ornate altar of the Wu Jian Council.
  3509 | D:4      | Reached skill level 5 in Fighting
  3509 | D:4      | Reached XP level 6. HP: 51/61 MP: 6/6
  3680 | D:4      | Found an ancient bone altar of Kikubaaqudgha.
  3719 | D:4      | Reached * piety under Okawaru
  3920 | D:4      | Noticed an ice beast
  3937 | D:4      | Killed an ice beast
  3937 | D:4      | Reached XP level 7. HP: 50/68 MP: 7/7
  4045 | D:4      | Slain by an ogre

Skill      XL: |  1  2  3  4  5 |
---------------+----------------+-----
Fighting       | 4 5 |  5.9
Armour         | 3 |  3.7
Axes           | 3 |  3.9
Shields        | |  2.4

Action                   |  1- 3 |  4- 6 |  7- 9 || total
-------------------------+-------+-------+-------++-------
Melee: War axe           |   112 |   241 |    11 ||   364
  Eat: Chunk             |     2 |     6 |       ||     8
Armor: Scale mail        |    49 |       |       ||    49
       Chain mail        |    17 |   181 |     3 ||   201
Dodge: Dodged            |    38 |    33 |       ||    71
Block: Shield            |    71 |   116 |     6 ||   193
